 Dungeon Crawl Stone Soup version 0.27-a0-364-g31b3477d74 (webtiles) character file.

Game seed: 11453899755433075797

26623 wakim the Cleaver (level 13, -6/122 HPs)
             Began as a Minotaur Berserker on Feb 16, 2021.
             Was a High Priest of Trog.
             Killed by the air
             ... invoked by a wind drake
              (14 damage)
             ... on level 4 of the Lair of Beasts.
             The game lasted 00:39:36 (15408 turns).

wakim the Cleaver (Minotaur Berserker)             Turns: 15408, Time: 00:39:37

Health: -6/122     AC: 26    Str: 25    XL:     13   Next: 0%
Magic:  4/4        EV: 11    Int:  5    God:    Trog [*****.]
Gold:   578        SH:  0    Dex: 11    Spells: 12/12 levels left

rFire    . . .     SeeInvis +   a - +6 executioner's axe (antimagic)
rCold    . . .     Faith    .   (shield currently unavailable)
rNeg     . . .     Spirit   .   I - +0 plate armour
rPois    +         Reflect  .   (helmet restricted)
rElec    .         Harm     .   D - +2 cloak {rCorr}
rCorr    +         Rampage  .   l - +2 pair of gloves
Will     .....                  x - +2 pair of boots
Stlth    ..........             A - amulet of the acrobat
HPRegen  0.30/turn              o - ring of poison resistance
MPRegen  0.09/turn              N - ring of see invisible

@: berserk cooldown, slowed, very slow
A: retaliatory headbutt, horns 2
a: Renounce Religion, Berserk, Trog's Hand, Brothers in Arms


You were on level 4 of the Lair of Beasts.
You worshipped Trog.
Trog was extremely pleased with you.
You visited 2 branches of the dungeon, and saw 16 of its levels.

You collected 900 gold pieces.
You spent 322 gold pieces at shops.

Inventory:

Hand Weapons
 a - a +6 antimagic executioner's axe (weapon)
 b - a +0 hand crossbow
 G - a +0 longbow
 H - a +3 broad axe of flaming
 P - a +1 battleaxe
Missiles
 s - 295 arrows
 w - 124 bolts
Armour
 l - a +2 pair of gloves (worn)
 x - a +2 pair of boots (worn)
 D - a +2 cloak of preservation (worn)
 I - a +0 plate armour (worn)
Jewellery
 o - a ring of poison resistance (left hand)
 A - an amulet of the acrobat (around neck)
 C - a ring of protection from cold
 F - a ring of protection from cold
 L - a ring of flight
 N - a ring of see invisible (right hand)
Wands
 f - a wand of paralysis (13)
 p - a wand of polymorph (17)
 E - a wand of iceblast (2)
 K - a wand of acid (7)
 M - a wand of flame (25)
 O - a wand of digging (7)
Scrolls
 d - 2 scrolls of fog
 e - 5 scrolls of identify
 g - 2 scrolls of amnesia
 m - 8 scrolls of enchant weapon
 n - 2 scrolls of immolation
 r - 4 scrolls of enchant armour
 t - a scroll of fear
 y - 4 scrolls of magic mapping
 z - 2 scrolls of teleportation
 B - 3 scrolls of blinking
 J - a scroll of acquirement {unknown}
Potions
 c - 4 potions of flight
 h - 6 potions of heal wounds
 i - 3 potions of might
 j - 6 potions of curing
 k - 2 potions of cancellation
 q - 4 potions of haste
 u - 2 potions of invisibility
 v - 7 potions of ambrosia {unknown}


   Skills:
 * Level 13.4 Fighting
 * Level 13.5 Axes
 + Level 7.2 Bows
 + Level 2.7 Crossbows
 * Level 13.2 Armour
 + Level 9.1 Dodging


You had 12 spell levels left.
You didn't know any spells.
Your spell library was empty.

Dungeon Overview and Level Annotations

Branches:
Dungeon (12/15)            Temple (0/1) D:6            Lair (4/6) D:8
    Orc (0/2) D:9
  Swamp: Lair:2-4    Shoals: Lair:2-4     Snake: Lair:2-4    Spider: Lair:2-4

Altars:
Cheibriados
Gozag
Trog
Wu Jian

Shops:
D:7 *   D:11 ?


Innate Abilities, Weirdness & Mutations

You reflexively headbutt those who attack you in melee.
You have a pair of horns on your head.


Message History

Found 24 arrows.
You are no longer berserk.
You are exhausted.
You feel yourself slow down.
You slice the wind drake!!
The wind drake is heavily wounded.
The wind drake exhales a fierce blast of wind!
You are blown backwards!
The wind drake completely misses you. x2; You furiously retaliate!
You headbutt the wind drake.
You see here a manticore corpse.
Your plate armour prevents you from hitting the wind drake.
The wind drake is heavily wounded.
The wind drake bites you but does no damage.
The wind drake exhales a fierce blast of wind!
You are blown backwards!
The wind drake flaps its wings at you. The air twists around and strikes you!
* * * LOW HITPOINT WARNING * * *
The wind drake completely misses you. x2
You hit the wind drake. Your headbutt misses the wind drake.
The wind drake is heavily wounded.
The wind drake bites you but does no damage. x2
You slice the wind drake!!
The wind drake is almost dead.
The wind drake bites you but does no damage.
The wind drake completely misses you.
You closely miss the wind drake. Your headbutt misses the wind drake.
The wind drake is almost dead.
The wind drake exhales a fierce blast of wind!
You are blown backwards!
The wind drake bites you but does no damage.
You barely miss the wind drake.
The wind drake is almost dead.
The wind drake flaps its wings at you. The air twists around and strikes you.
* * * LOW HITPOINT WARNING * * *
The wind drake flaps its wings at you. The air twists around and strikes you!
You die...

≈≈≈≈≈≈......###.#. ..##.
≈≈≈≈≈≈≈≈.........# ...^^
≈≈≈≈≈≈≈≈.#.##....##...^
≈≈.÷.≈≈≈.≈####.......##
≈≈.<≈≈≈≈≈####.........#.
≈≈≈..≈≈≈≈≈##.#.........#
≈≈≈≈≈≈≈≈≈####.........#
≈≈≈≈≈≈≈≈.P#.##........#
≈≈≈≈≈≈≈≈......†.@.....##
.....≈....P##†..k......#
#P..PP######.#..†.?...P#
####### ##..........#
#.........##
##...$.....# #........##
#.....^...# .........##


You could see a wind drake (repels missiles).

Vanquished Creatures
  2 boulder beetles (D:11)
  A hydra (Lair:3)
  4 two-headed ogres
  The ghost of Borgoz the Slasher, a novice HaFi of Makhleb (D:7)
  An unseen horror (D:11)
  An oklob plant (Lair:2)
  An ugly thing (D:11)
  A manticore (Lair:4)
  A cyclops (D:9)
  An elephant (Lair:3)
  A black mamba (Lair:2)
  The ghost of Borgoz the Cudgeller, a novice GrGl (D:6)
  Joseph (D:8)
  2 torpor snails (Lair:2)
  4 cane toads
  3 komodo dragons
  2 kobold demonologists (D:11)
  A troll (D:7)
  3 polar bears
  3 blink frogs (Lair:4)
  5 wyverns
  27 yaks
  3 basilisks (Lair:1)
  16 water moccasins
  5 black bears
  2 orc warriors
  4 ice beasts
  7 ogres
  9 wolves
  2 centaurs
  2 phantoms
  3 kobold brigands
  15 bullfrogs
  4 scorpions
  12 killer bees
  12 wights
  4 electric eels
  2 howler monkeys (D:8)
  A quasit (D:7)
  A bullfrog zombie (D:11)
  6 orc priests
  6 hounds
  7 jellies
  A gnoll shaman (D:6)
  4 iguanas
  18 orc wizards
  8 worker ants
  A killer bee zombie (D:8)
  A hound zombie (D:7)
  2 hound skeletons
  3 worker ant zombies
  8 gnolls
  9 adders
  4 shadow imps
  3 white imps
  6 ufetubi
  An ooze (D:2)
  3 adder zombies
  2 adder skeletons
  A dart slug (D:2)
  2 worms
  5 leopard geckos
  43 orcs
  8 giant cockroaches
  7 goblins
  10 hobgoblins
  6 jackals
  15 kobolds
  6 quokkas
  4 bats
  4 frilled lizards
  A quokka zombie (D:8)
  3 rats
379 creatures vanquished.

Vanquished Creatures (others)
  An orc wizard (D:9)
  A jackal (D:9)
  31 fungi
  43 plants
76 creatures vanquished.

Grand Total: 455 creatures vanquished

Notes
Turn   | Place    | Note
-------+----------+-------------------------------------------
     0 | D:1      | wakim the Minotaur Berserker began the quest for the Orb.
     0 | D:1      | Reached XP level 1. HP: 19/19 MP: 0/0
   242 | D:1      | Reached XP level 2. HP: 21/27 MP: 1/1
   791 | D:2      | Reached ** piety under Trog
   793 | D:2      | Reached XP level 3. HP: 33/33 MP: 2/2
  1499 | D:3      | You fall into a shaft and drop 3 floors!
  1506 | D:6      | Reached XP level 4. HP: 41/41 MP: 3/3
  1667 | D:6      | Noticed a bullfrog
  1671 | D:6      | Killed a bullfrog
  1672 | D:6      | Reached XP level 5. HP: 46/47 MP: 4/4
  1691 | D:5      | Entered Level 5 of the Dungeon
  1695 | D:5      | Reached skill level 5 in Fighting
  1695 | D:5      | Reached skill level 5 in Axes
  1716 | D:5      | Reached XP level 6. HP: 56/56 MP: 5/5
  1934 | D:5      | Found a snail-covered altar of Cheibriados.
  2054 | D:4      | Reached skill level 5 in Armour
  2404 | D:4      | Reached XP level 7. HP: 59/62 MP: 6/6
  2872 | D:3      | Reached *** piety under Trog
  3882 | D:4      | Found an opulent altar of Gozag.
  3971 | D:4      | You fall into a shaft and drop 1 floor!
  5444 | D:6      | Reached XP level 8. HP: 54/71 MP: 7/7
  5482 | D:6      | Found a staircase to the Ecumenical Temple.
  5815 | D:6      | Noticed a two-headed ogre
  5830 | D:6      | Killed a two-headed ogre
  5831 | D:6      | Reached skill level 5 in Dodging
  5993 | D:6      | Noticed Borgoz's ghost (novice GrGl)
  6084 | D:6      | Found a transporter.
  6145 | D:6      | Found a transporter.
  6452 | D:7      | Noticed a troll
  6459 | D:7      | Killed a troll
  6460 | D:7      | Reached skill level 1 in Bows
  6460 | D:7      | Reached XP level 9. HP: 78/82 MP: 8/8
  6614 | D:7      | Reached **** piety under Trog
  6677 | D:7      | Found an ornate altar of the Wu Jian Council.
  6695 | D:7      | Noticed Borgoz's ghost (novice HaFi)
  6698 | D:7      | Found a transporter.
  7089 | D:7      | Found Wostaif's General Store.
  7099 | D:7      | Bought a +2 cloak of preservation for 322 gold pieces
  7499 | D:8      | Noticed Joseph
  7518 | D:8      | Noticed a two-headed ogre
  7535 | D:8      | Killed a two-headed ogre
  7548 | D:8      | Killed Joseph
  7549 | D:8      | Reached XP level 10. HP: 73/92 MP: 9/9
  7741 | D:8      | Reached skill level 10 in Axes
  7839 | D:8      | Reached skill level 10 in Fighting
  7852 | D:8      | Found a staircase to the Lair.
  7855 | D:8      | Got an agate-studded ring mail
  7866 | D:8      | Identified the +2 ring mail "Dunooluf" {Str+3} (You found
                  | it on level 8 of the Dungeon)
  8654 | D:9      | Noticed a cyclops
  8666 | D:9      | Killed a cyclops
  8667 | D:9      | Reached skill level 10 in Armour
  9008 | D:9      | Reached ***** piety under Trog
  9682 | D:9      | Reached XP level 11. HP: 74/101 MP: 10/10
  9884 | D:9      | Found a staircase to the Orcish Mines.
  9957 | D:9      | Noticed a two-headed ogre
  9961 | D:9      | Killed a two-headed ogre
 10292 | D:10     | Entered Level 10 of the Dungeon
 10335 | D:10     | Received a gift from Trog
 10419 | D:10     | Found a bloodstained altar of Trog.
 10429 | D:10     | Reached skill level 5 in Bows
 10868 | D:11     | Killed an unseen horror
 10905 | D:11     | Got a crude great sword
 10927 | D:10     | Identified the +2 great sword of Satyriasis {elec, +Rage
                  | rF- Int+2} (You found it on level 11 of the Dungeon)
 10967 | D:11     | Noticed a boulder beetle
 10986 | D:11     | Killed a boulder beetle
 11203 | D:11     | Found Epla's Magic Scroll Shop.
 11218 | D:11     | Noticed a red ugly thing
 11230 | D:11     | Killed a red ugly thing
 11306 | D:11     | Noticed a boulder beetle
 11321 | D:11     | Killed a boulder beetle
 11877 | D:6      | Killed Borgoz's ghost
 11958 | D:7      | Identified the +8 dire flail of Untimely Demise {speed,
                  | rPois rN++ MP-9}
 11958 | D:7      | Identified the +7 great mace of Distraction {drain, rN+++}
 11958 | D:7      | Noticed a two-headed ogre
 11966 | D:7      | Found a transporter.
 11978 | D:7      | Killed Borgoz's ghost
 11979 | D:7      | Received a gift from Trog
 11980 | D:7      | Killed a two-headed ogre
 12079 | Lair:1   | Entered Level 1 of the Lair of Beasts
 12117 | Lair:1   | Reached XP level 12. HP: 52/112 MP: 3/11
 13718 | Lair:2   | Found a snail-covered altar of Cheibriados.
 14253 | Lair:2   | Reached skill level 1 in Crossbows
 14392 | Lair:3   | Found a bloodstained altar of Trog.
 14945 | Lair:3   | Noticed a six-headed hydra
 14951 | Lair:3   | Killed a four-headed hydra
 15372 | Lair:4   | Received a gift from Trog
 15397 | Lair:4   | Reached XP level 13. HP: 31/122 MP: 4/12
 15408 | Lair:4   | Killed from afar by a wind drake

Illustrated notes

Levels and vault maps discovered:
D:1:      sevenhm_arrival_forest_fort_small_4, layout_loops_ring, serial_glass,
          glass_columns_b, glass_columns_a, glass_columns_a, glass_columns_b,
          glass_columns_a, glass_columns_b, glass_columns_a, glass_columns_a,
          chequers_serial_rivers_small_a
D:2:      layout_loops_ring, eino_curves_02
D:3:      layout_basic, grunt_decor_arrowhead
D:4:      layout_loops_ring, grunt_gozag_statues, kennysheep_crisscross
D:5:      layout_loops_ring, kennysheep_flooded_box, minmay_misc_feat_ornament
D:6:      layout_cave_pods, lemuel_temple_firewalk_b, gammafunk_ghost_hive,
          kennysheep_generic_room_2
D:7:      layout_basic, serial_shops, shop_fountains, gammafunk_ghost_smash,
          lemuel_altar_in_water
D:8:      layout_basic, due_lair_maze_entry_diamond, uniq_joseph
D:9:      layout_basic
D:10:     layout_basic, trog_ov_bears_minmay
D:11:     layout_cave_pools, serial_shops, shop
D:12:     layout_roguey, minivault_21, chequers_serial_rivers_small_3,
          minivault_16, lemuel_angel_altar
Lair:1:   layout_misc_corridors
Lair:2:   wander_river, layout_cave_pods, nicolae_quartered_pool_medium,
          minivault_24, st_stairs_12, kennysheep_snail_temple,
          minmay_lair_oklob_chamber
Lair:3:   wad_woods_stonehenge, layout_regular_city, grunt_megastairs_4
Lair:4:   layout_big_grid, minmay_shoals_entry_beasts, spider_nest_entry_rubble,
          infiniplex_staircase_pool_2

Skill      XL: |  1  2  3  4  5  6  7  8  9 10 11 12 |
---------------+-------------------------------------+-----
Fighting       | 4 5 6 8 9 10 12 13 | 13.4
Armour         | 3 4 5 6 8 9 10 12 13 | 13.2
Axes           | 4 5 6 8 9 11 12 13 | 13.5
Dodging        | 3 4 5 6 7 8 9 |  9.1
Bows           | 1 3 4 6 7 |  7.2
Crossbows      | 2 |  2.7

Action                   |  1- 3 |  4- 6 |  7- 9 | 10-12 | 13-15 || total
-------------------------+-------+-------+-------+-------+-------++-------
Melee: Hand axe          |    68 |    58 |   216 |   106 |       ||   448
       Headbutt          |     8 |     8 |    44 |   121 |       ||   181
       Battleaxe         |       |       |       |   137 |       ||   137
       Broad axe         |       |       |       |   141 |       ||   141
       Executioner's axe |       |       |       |   206 |     6 ||   212
 Fire: Hunting sling     |       |     3 |       |       |       ||     3
       Shortbow          |       |       |    83 |    29 |       ||   112
       Hand crossbow     |       |       |       |     8 |       ||     8
       Longbow           |       |       |       |     1 |       ||     1
Invok: Berserk           |       |       |     1 |     4 |       ||     5
  Use: Scroll            |       |       |    11 |    11 |       ||    22
Armor: Ring mail         |    26 |    23 |    23 |   179 |       ||   251
       Chain mail        |       |       |    61 |    35 |       ||    96
       Scale mail        |       |       |     4 |       |       ||     4
       Plate armour      |       |       |       |   180 |     5 ||   185
Dodge: Dodged            |    39 |    33 |   114 |   469 |     5 ||   660

Table legend: (Time is in decaauts)
 A = Elapsed time spent in this place.
 B = Non-inter-level travel time spent in this place.
 C = Inter-level travel time spent in this place.
 D = Time resting spent in this place.
 E = Time spent auto-exploring this place.
 F = Levels seen in this place.
 G = Mean time per level.
                   A        B        C        D        E       F      G
               +--------+--------+--------+--------+--------+-----+--------+
         Total |  15561 |  14222 |   1339 |   2852 |   8679 |  16 |  972.6 |
       Dungeon |  12127 |  10887 |   1240 |   2054 |   6666 |  12 | 1010.6 |
          Lair |   3434 |   3335 |     99 |    798 |   2013 |   4 |  858.5 |
               +--------+--------+--------+--------+--------+-----+--------+

Top non-repeatable levels by time:
     D:9: 1706 daAuts
     D:6: 1518 daAuts
     D:5: 1387 daAuts
     D:7: 1360 daAuts
     D:3: 1298 daAuts
  Lair:2: 1215 daAuts
  Lair:1: 1100 daAuts
     D:8: 1005 daAuts
     D:4: 852 daAuts
  Lair:3: 820 daAuts
     D:2: 801 daAuts
     D:1: 755 daAuts
    D:10: 709 daAuts
    D:11: 565 daAuts
  Lair:4: 297 daAuts
